 Dungeon Crawl Stone Soup version 0.21-a0-38-g95c5c02 (webtiles) character file.

1271 useraccount the Chopper (level 8, 0/63 HPs)
             Began as a Formicid Fighter on May 29, 2017.
             Slain by Prince Ribbit (7 damage)
             ... on level 6 of the Dungeon.
             The game lasted 00:05:17 (4653 turns).

useraccount the Chopper (Formicid Fighter)          Turns: 4653, Time: 00:05:18

Health: 0/63       AC: 16    Str: 23    XL:     8   Next: 83%
Magic:  8/8        EV:  8    Int:  8    God:
Gold:   307        SH: 10    Dex: 10    Spells: 7/7 levels left

rFire    . . .     SeeInvis +   a - +0 war axe
rCold    + . .     Gourm    .   c - +0 shield
rNeg     . . .     Faith    .   w - +0 chain mail
rPois    .         Spirit   .   (helmet unavailable)
rElec    .         Reflect  .   (no cloak)
rCorr    .         Harm     .   (no gloves)
MR       .....                  n - +0 pair of boots
Stlth    ..........             (no amulet)
Regen    0.2/turn               u - +5 ring of protection
MPRegen  0.2/turn               v - ring of protection from cold

@: no status effects
A: permanent stasis, dig shafts and tunnels, four strong arms, antennae 3
a: Dig, Shaft Self


You were on level 6 of the Dungeon.
You were not hungry.

You visited 2 branches of the dungeon, and saw 7 of its levels.

You collected 307 gold pieces.

Inventory:

Hand Weapons
 a - a +0 war axe (weapon)
Armour
 c - a +0 shield (worn)
 n - a +0 pair of boots (worn)
 w - a +0 chain mail (worn)
Jewellery
 e - an uncursed ring of resist corrosion
 u - a +5 ring of protection (left hand)
 v - a ring of protection from cold (right hand)
Wands
 y - a wand of polymorph (3/24)
Scrolls
 b - 2 scrolls of remove curse {unknown}
 g - 4 scrolls of recharging {unknown}
 h - 2 scrolls of fog {unknown}
 i - 2 scrolls of amnesia {unknown}
 j - 5 scrolls of identify {unknown}
 o - 2 scrolls of teleportation {unknown}
 p - a scroll of fear {unknown}
 t - a scroll of enchant armour {unknown}
 x - 2 scrolls of immolation {unknown}
 B - a scroll of vulnerability {unknown}
 C - a scroll of blinking {unknown}
Potions
 d - 2 potions of might
 k - 2 potions of mutation {unknown}
 l - a potion of magic {unknown}
 m - 2 potions of degeneration {unknown}
 q - 2 potions of curing {unknown}
 r - 2 potions of heal wounds {unknown}
 A - a potion of experience {unknown}
 E - a potion of haste {unknown}
Comestibles
 f - 5 bread rations
 s - a royal jelly
 z - a meat ration
 D - 9 chunks of flesh


   Skills:
 + Level 5.5 Fighting
 * Level 6.3 Axes
 + Level 5.1 Armour
 + Level 3.6 Dodging
 + Level 5.9 Shields


You had 7 spell levels left.
You didn't know any spells.

Dungeon Overview and Level Annotations

Branches:
Dungeon (6/15)             Temple (1/1) D:5

Altars:
Ashenzari
Elyvilon
Fedhas
Gozag
Hepliaklqana
Kikubaaqudgha
Makhleb
Okawaru
Ru
Trog
Vehumet
Wu Jian
Xom
Yredelemnul
Zin
The Shining One
Lugonu

Shops:
D:5 ?

Annotations:
D:6 Prince Ribbit


Innate Abilities, Weirdness & Mutations

You cannot be hasted, slowed, berserked, paralysed or teleported.
You can dig through walls and to a lower floor.
Your four strong arms can wield two-handed weapons with a shield.
You have a pair of large antennae on your head. (SInv)


Message History

You block Prince Ribbit's attack. Prince Ribbit hits you!
You miss Prince Ribbit.
Prince Ribbit is moderately wounded.
Prince Ribbit hits you.
You feel sick. Prince Ribbit hits you. Prince Ribbit hits you!
* * * LOW HITPOINT WARNING * * *
You feel sick.
You are no longer poisoned.
Prince Ribbit blinks!
Prince Ribbit blinks!
There is a stone staircase leading down here.
You slice Prince Ribbit!!
Prince Ribbit is severely wounded.
Prince Ribbit misses you.
You slash Prince Ribbit!
Prince Ribbit is almost dead.
Your shield prevents you from hitting the iguana.
Prince Ribbit hits you!
You die...

##.# ##..#
##..>...÷... #.#######
##.# #######....
#.......### #.####
##... #######...#
#....###### #.## #.#.#
####......###...
#...### ######..#..##
##....#### #####....##
#.##....###.........#
#...@F....#......#...
##....l...........#.##
#..######.#...........
#.## #.#.......####
#.#######.#.......# #
#...†...#...##..###
#######.#..##..#
#....# ##...#


You could see Prince Ribbit and an iguana.

Vanquished Creatures
  Sigmund (D:3)
  An ogre (D:5)
  A phantom (D:4)
  Blork the orc (D:6)
  2 bullfrogs (D:6)
  A scorpion (D:5)
  2 crimson imps
  A howler monkey (D:6)
  A jelly (D:5)
  An orc wizard (D:4)
  3 hounds (D:6)
  An orc priest (D:4)
  A centaur skeleton (D:4)
  Ijyb (D:4)
  4 worker ants
  A howler monkey skeleton (D:4)
  7 adders
  4 gnolls (D:2)
  2 shadow imps (D:5)
  6 oozes
  An adder skeleton (D:4)
  An adder zombie (D:5)
  3 worms
  2 dart slugs
  2 leopard geckos
  4 orcs
  2 bat zombies (D:5)
  6 giant cockroaches
  6 goblins
  8 hobgoblins
  5 jackals
  7 kobolds
  5 quokkas
  A ball python (D:5)
  6 bats
  3 frilled lizards
  A jackal zombie (D:6)
  A leopard gecko zombie (D:5)
  7 rats
  A rat zombie (D:5)
114 creatures vanquished.

Notes
Turn   | Place    | Note
-------+----------+-------------------------------------------
     0 | D:1      | useraccount the Formicid Fighter began the quest for the Orb.
     0 | D:1      | Reached XP level 1. HP: 18/18 MP: 1/1
    71 | D:1      | Reached XP level 2. HP: 20/24 MP: 2/2
   228 | D:1      | Reached XP level 3. HP: 25/29 MP: 3/3
   256 | D:1      | Reached skill level 1 in Dodging
   825 | D:2      | Reached XP level 4. HP: 18/36 MP: 4/4
   827 | D:2      | Reached skill level 3 in Axes
  1350 | D:2      | Found a radiant altar of Vehumet.
  1452 | D:2      | Found an opulent altar of Gozag.
  1522 | D:2      | Reached XP level 5. HP: 42/42 MP: 5/5
  1989 | D:3      | Found a sacrificial altar of Ru.
  2086 | D:3      | Found a hazy altar of Hepliaklqana.
  2158 | D:3      | Noticed Sigmund
  2176 | D:3      | Killed Sigmund
  2176 | D:3      | Reached skill level 4 in Axes
  2176 | D:3      | Reached XP level 6. HP: 28/48 MP: 6/6
  2591 | D:4      | Reached XP level 7. HP: 50/55 MP: 7/7
  2782 | D:4      | Noticed Ijyb
  2799 | D:4      | Killed Ijyb
  2835 | D:4      | Reached skill level 5 in Shields
  3010 | D:5      | Entered Level 5 of the Dungeon
  3040 | D:5      | Reached skill level 5 in Axes
  3227 | D:5      | Found an ornate altar of the Wu Jian Council.
  3293 | D:5      | Found a staircase to the Ecumenical Temple.
  3326 | Temple   | Entered the Ecumenical Temple
  3548 | D:5      | Reached skill level 5 in Fighting
  3548 | D:5      | Reached XP level 8. HP: 30/62 MP: 8/8
  3743 | D:5      | Found Vufubb Huih's Magic Scroll Shop.
  4080 | D:5      | Found a shattered altar of Ashenzari.
  4197 | D:5      | Found an ancient bone altar of Kikubaaqudgha.
  4313 | D:6      | Found an iron altar of Okawaru.
  4439 | D:6      | Noticed Blork the orc
  4454 | D:6      | Killed Blork the orc
  4454 | D:6      | Reached skill level 5 in Armour
  4470 | D:6      | Reached skill level 6 in Axes
  4487 | D:6      | Found a burning altar of Makhleb.
  4567 | D:6      | Found a basalt altar of Yredelemnul.
  4629 | D:6      | Noticed Prince Ribbit
  4653 | D:6      | Slain by Prince Ribbit

Vault maps used:
D:1:      scummos_arrival_gate
D:2:      lemuel_coloured_pillars_altar, old_standard_altar
D:3:      overflow_temple_1_default, lemuel_crystal_altar, st_stairs_12,
          uniq_sigmund
D:4:      uniq_ijyb
D:5:      kennysheep_little_box, marbit_many_paths,
          lemuel_zombie_altar_kikubaaqudgha, minmay_temple_entry_poolview,
          first_bread, serial_shops, shop, minmay_strange_pillars
D:6:      nicolae_overflow_crystal_walls, old_standard_altar,
          lemuel_round_altar, makhleb_grotto_becter, uniq_prince_ribbit1,
          uniq_blork_the_orc
Temple:   corrupted_temple

Skill      XL: |  1  2  3  4  5  6  7  8 |
---------------+-------------------------+-----
Dodging        | 1 2 3 |  3.6
Axes           | 3 4 5 6 |  6.3
Shields        | 4 5 |  5.9
Fighting       | 4 5 |  5.5
Armour         | 4 5 |  5.1

Action                   |  1- 3 |  4- 6 |  7- 9 || total
-------------------------+-------+-------+-------++-------
Melee: War axe           |    67 |   171 |   205 ||   443
       Unarmed           |       |       |    11 ||    11
  Eat: Chunk             |       |     6 |     7 ||    13
Armor: Scale mail        |    30 |    62 |       ||    92
       Chain mail        |       |    16 |    92 ||   108
       Skin              |       |       |     1 ||     1
Dodge: Dodged            |    15 |    78 |    57 ||   150
Block: Shield            |    27 |    98 |   117 ||   242
